 Dungeon Crawl Stone Soup version 0.31-a0-662-g684573625c (webtiles) character file.

Game seed: 4582427467989893442

78 Dirtsage the Changeling (level 4, -1/42 HPs)
             Began as an Octopode Shapeshifter on Aug 31, 2023.
             Slain by a worm (3 damage)
             ... on level 2 of the Dungeon.
             The game lasted 00:02:40 (1376 turns).

Dirtsage the Changeling (Octopode Shapeshifter)     Turns: 1376, Time: 00:02:41

Health: -1/42      AC: 22    Str: 15    XL:     4   Next: 36%
Magic:  13/13      EV:  2    Int: 12    God:
Gold:   114        SH:  0    Dex: 11    Spells: 3/3 levels left

rFire   . .          .
                       - Unarmed
rCold   . . .        (no shield)
rNeg    . . .        (helmet currently unavailable)
rPois   +            (no amulet)
rElec   .            g - ring of flight
rCorr   .            j - ring of magical power
SInv    +            S - ring of see invisible
Will    .....        l - +5 ring of evasion
Stlth   +            (no ring)
HPRegen 0.27/turn    (no ring)
MPRegen 0.13/turn    (no ring)
                     (no ring)

%: no passive effects
@: tree-form
A: stationary, stasis, torment immunity, boosted hp, almost no armour,
(amphibious), 8 rings, (camouflage 1), (gelatinous body 1), (nimble swimmer 1),
(tentacles)
a: no special abilities


You were on level 2 of the Dungeon.
You were a tree.
You visited 1 branch of the dungeon, and saw 2 of its levels.

You collected 114 gold pieces.

Inventory:

Jewellery
 g - a ring of flight (left branch)
 j - a ring of magical power (right branch)
 k - a ring of ice
 l - a +5 ring of evasion (on tentacle)
 S - a ring of see invisible (on tentacle)
Talismans
 b - a beast talisman
 c - a flux talisman
 m - a maw talisman
Scrolls
 d - 2 scrolls of teleportation {unknown}
 f - 2 scrolls of noise {unknown}
 h - a scroll of fear {unknown}
 i - 2 scrolls of identify {unknown}
 p - a scroll of revelation {unknown}
Potions
 e - 5 potions of curing {unknown}
 n - a potion of cancellation {unknown}
 o - a potion of attraction {unknown}


   Skills:
 - Level 1.0 Fighting
 - Level 2.0 Dodging
 + Level 3.8 Unarmed Combat
 * Level 4.2 Shapeshifting


You had 3 spell levels left.
You didn't know any spells.
Your spell library contained the following spells:

 Spells                   Type           Power      Damage    Failure   Level
 Kiss of Death            Conj/Necr      0%         2d5       32%         1
 Slow                     Hex            0%         N/A       32%         1
 Confusing Touch          Hex            0%         N/A       69%         3
 Vampiric Draining        Necr           0%         2d6       69%         3
 Dispel Undead            Necr           0%         3d6       97%         4


Dungeon Overview and Level Annotations

Branches:
Dungeon (2/15)

Altars:
Cheibriados


Innate Abilities, Weirdness & Mutations

You are a tree.
Your roots penetrate the ground, keeping you stationary.
You cannot be teleported.
You are immune to unholy pain and torment.
Your maximum health is greatly increased.
You cannot wear most types of armour.
((You are amphibious.))
You can wear up to eight rings at the same time.
((Your skin changes colour to match your surroundings (Stealth+).))
((Your rubbery body absorbs attacks. (AC +1, EV +1)))
((You are camouflaged when in or above water. (Stealth+)))
((You have tentacles for arms and can constrict up to eight enemies at once.))


Message History

You barely miss the worm.
The worm is heavily wounded.
You constrict the worm. The gnoll hits you with a +0 flail!
You take 9 damage, and have 14/23 hp.
MASSIVE DAMAGE!!
You release your grip on the worm.
The worm attacks as it pursues you! The worm bites you!
* * * LOW HITPOINT WARNING * * *
You take 8 damage, and have 6/23 hp.
MASSIVE DAMAGE!!
The worm attacks as it pursues you! The worm misses you.
Okay, then.
Okay, then.
Your transformation has ended.
You turn into a tree.
Your roots penetrate the ground.
The gnoll hits you with a +0 flail.
* * * LOW HITPOINT WARNING * * *
You now have 5/34 hp.
You smack the gnoll!
You kill the gnoll!
The worm bites you but does no damage.
Your Shapeshifting skill increases to level 4!
You have reached level 4!
You regained 2 hp, and now have 7/42 hp.
MP restored: 13 You smack the gnoll!
You kill the gnoll!
You smack the gnoll!
You kill the gnoll!
The worm bites you but does no damage.
You hit the worm.
The worm is heavily wounded.
The gnoll hits you with a +0 whip.
* * * LOW HITPOINT WARNING * * *
You take 6 damage, and have 2/42 hp.
You hit the worm.
The worm is almost dead.
The worm bites you but does no damage. The gnoll hits you but does no damage.
You barely miss the worm.
The worm is almost dead.
The worm bites you.
You die...

##.# ##..._... #.#
##...... # #.#######.....#
#. ###.......#.....#
#####.####......##..#†...#
........##......###.###..#
.###.#.##......# #..##...
........w#......####..###.
#.#.#..#g♣....†..# ##.###.
....g..###.......## #..##.
#.#.#.. #........####....
......# #...........##..#
#.#.#. ########†....>..#
...... #........#
#....<.... . ##........
....####......>#


You could see a worm and a gnoll.

Vanquished Creatures
  3 gnolls (D:2)
  2 worms (D:2)
  2 dart slugs
  4 ball pythons
  3 endoplasms
  3 giant cockroaches (D:2)
  3 goblins (D:1)
  5 hobgoblins
  4 kobolds (D:1)
  A quokka (D:2)
  3 bats
  6 rats
39 creatures vanquished.

Notes
Turn   | Place    | Note
-------+----------+-------------------------------------------
     0 | D:1      | Dirtsage the Octopode Shapeshifter began the quest for the
                  | Orb.
     0 | D:1      | Reached XP level 1. HP: 13/13 MP: 1/1
   162 | D:1      | Reached XP level 2. HP: 18/18 MP: 2/2
   867 | D:1      | Reached XP level 3. HP: 20/23 MP: 3/3
   924 | D:2      | Found a snail-covered altar of Cheibriados.
  1372 | D:2      | Reached skill level 4 in Shapeshifting
  1372 | D:2      | Reached XP level 4. HP: 7/28 MP: 4/4
  1374 | D:2      | HP: 2/42 [gnoll/+0 whip (6)]
  1376 | D:2      | Slain by a worm

Illustrated notes

Levels and vault maps discovered:
D:1:      minmay_arrival_doors, layout_basic, nicolae_titane
D:2:      layout_rooms, serial_glass, glass_columns_c, glass_columns_b,
          basic_altar, serial_bayou_pond_c

Skill      XL: |  1  2  3 |
---------------+----------+-----
Shapeshifting  | 4 |  4.2
Fighting       | |  1.0
Dodging        | |  2.0
Unarmed Combat | |  3.8

Action                     |  1- 3 |  4- 6 || total
---------------------------+-------+-------++-------
  Melee: Unarmed           |    78 |     5 ||    83
         Constrict         |    14 |       ||    14
         Tentacles         |     8 |       ||     8
    Use: Potion            |     1 |       ||     1
   Stab: Sleeping          |     5 |       ||     5
 Armour: Skin              |    35 |     5 ||    40
  Dodge: Dodged            |    43 |       ||    43

Table legend: (Time is in decaauts)
 A = Elapsed time spent in this place.
 B = Non-inter-level travel time spent in this place.
 C = Inter-level travel time spent in this place.
 D = Time resting spent in this place.
 E = Time spent auto-exploring this place.
 F = Levels seen in this place.
 G = Mean time per level.
                   A        B        C        D        E       F      G
               +--------+--------+--------+--------+--------+-----+--------+
         Total |   1369 |   1354 |     15 |      0 |   1112 |   2 |  684.5 |
       Dungeon |   1369 |   1354 |     15 |      0 |   1112 |   2 |  684.5 |
               +--------+--------+--------+--------+--------+-----+--------+

Top non-repeatable levels by time:
     D:1: 919 daAuts
     D:2: 449 daAuts
